 Dungeon Crawl Stone Soup version 0.16-a0-259-g9aa467b (webtiles) character file.

24196 MackTheKnife the Unseen (level 13, -5/86 (88) HPs)
             Began as a Halfling Assassin on Aug 24, 2014.
             Was a High Priest of Dithmenos.
             Slain by a yak (7 damage)
             ... on Level 5 of the Lair of Beasts.
             The game lasted 01:18:48 (21330 turns).

MackTheKnife the Unseen (Halfling Assassin)        Turns: 21330, Time: 01:18:49

HP  -5/86 (88)   AC 15     Str 11      XL: 13   Next: 41%
MP  13/13        EV 25     Int 10      God: Dithmenos [*****.]
Gold 982         SH  0     Dex 24      Spells:  2 memorised,  8 levels left

rFire  + . .     SeeInvis .     a - +7 dagger (speed)
rCold  . . .     Clarity  +     v - +3 leather armour
rNeg   . . .     rCorr    .     (no shield)
rPois  .         rRot     .     M - +2 helmet
rElec  .         Spirit   .     D - +1 cloak
SustAb .         Warding  .     n - +2 pair of gloves
rMut   .         Stasis   .     F - +0 pair of boots of Forking Paths {rF+}
Gourm  .                        w - amulet of clarity
MR     .....                    I - +3 ring of dexterity
                                t - ring of wizardry

@: about to teleport, wreathed by umbra, not resistant to hostile enchantments,
extraordinarily stealthy
A: mutation resistance 1
a: Shadow Step, Shadow Form, Renounce Religion


You were on level 5 of the Lair of Beasts.
You worshipped Dithmenos.
Dithmenos was extremely pleased with you.
You were not hungry.

You visited 4 branches of the dungeon, and saw 19 of its levels.
You also visited: Bailey and Volcano.

You collected 1301 gold pieces.
You spent 319 gold pieces at shops.


Innate Abilities, Weirdness & Mutations

You are small and have problems with some larger weapons.
You are somewhat resistant to further mutation.


   Skills:
 - Level 8.2 Fighting
 - Level 10.2 Short Blades
 - Level 2.6 Throwing
 - Level 10.5 Dodging
 + Level 16.3 Stealth
 + Level 3.4 Charms


You had 8 spell levels left.
You knew the following spells:

 Your Spells              Type           Power        Failure   Level  Hunger
y - Sure Blade            Hex/Chrm       #.........   12%         2    ###....
z - Ensorcelled Hibernat  Hex/Ice        #.....       30%         2    ###....

Inventory:

Hand weapons
 a - a +7 dagger of speed (weapon)
 b - a +0 blowgun
Missiles
 e - 81 poisoned needles
 q - 3 needles of slowing
 s - a curare-tipped needle
Armour
 l - a +2 robe of magic resistance
 n - a +2 pair of gloves (worn)
 v - a +3 leather armour (worn)
 D - a +1 cloak (worn)
 F - the +0 pair of boots of Forking Paths (worn) {rF+}
   (You bought it in a shop on level 10 of the Dungeon)

   It protects you from fire.
 M - a +2 helmet (worn)
Magical devices
 A - a wand of disintegration (10)
 E - a wand of digging (8)
 O - a wand of disintegration (16)
Comestibles
 f - 4 beef jerkies
 g - 8 bread rations
 h - 10 meat rations
 r - 3 slices of pizza
Scrolls
 i - 8 scrolls of identify
 p - 2 scrolls of amnesia
 u - 3 scrolls of fear
 y - 4 scrolls of remove curse
 B - 3 scrolls of recharging
 C - a scroll of teleportation
 J - 4 scrolls of summoning
 K - a scroll of magic mapping
Jewellery
 c - the ring of the Final Decision {+cTele rC+ SInv Stlth-}
   (You found it on level 2 of the Lair of Beasts)

   [ring of teleport control]

   It can be evoked for teleport control.
   It protects you from cold.
   It enhances your eyesight.
   It makes you less stealthy.
 o - an uncursed amulet of guardian spirit
 t - a ring of wizardry (left hand)
 w - an amulet of clarity (around neck)
 z - an uncursed amulet of stasis
 I - a +3 ring of dexterity (right hand)
Potions
 d - a potion of brilliance
 j - a potion of haste
 m - a potion of berserk rage
 H - a potion of resistance
 L - 2 potions of agility
 N - 2 potions of curing
Books
 k - a book of Dreams

   Spells                             Type                      Level
   *Ensorcelled Hibernation           Hexes/Ice                    2
   Flight                             Charms/Air                   3
   Phase Shift                        Translocation                5
   Shadow Creatures                   Summoning                    5
   Mass Confusion                     Hexes                        6
   Darkness                           Hexes                        7
 x - a book of Enchantments

   Spells                             Type                      Level
   Tukima's Dance                     Hexes                        3
   Cause Fear                         Hexes                        4
   Silence                            Hexes/Air                    5
   Deflect Missiles                   Charms/Air                   6
   Haste                              Charms                       6
   Discord                            Hexes                        8
 G - a book of Ice

   Spells                             Type                      Level
   Metabolic Englaciation             Hexes/Ice                    5
   Ozocubu's Refrigeration            Ice                          6
   Bolt of Cold                       Conjuration/Ice              6
   Freezing Cloud                     Conjuration/Ice/Air          6
   Simulacrum                         Ice/Necromancy               6
 P - a book of Maledictions

   Spells                             Type                      Level
   Corona                             Hexes                        1
   *Sure Blade                        Hexes/Charms                 2
   *Ensorcelled Hibernation           Hexes/Ice                    2
   Confuse                            Hexes                        3
   Dazzling Spray                     Conjuration/Hexes            3
   Enslavement                        Hexes                        4

░···········◦◦··▒░░░
················▒░
···········▒▒····░
·Q··············▒░
···········▒····▒
················▒
··P········▒····▒▒
············P··YP▒▒
··P···£P········p·▒▒
··▒·············YD·▒
···▒········%······▒
···▒···P?·········▒▒
···················▒
···················▒
·············%·····▒
···············▒▒▒▒▒
···············▒


You could see an eight-headed hydra and 2 yaks.


Message History

You hear the faint crackling of a melting archway nearby.
The yak misses you. The yak misses you. The yak misses you. The yak gores you!
* * * LOW HITPOINT WARNING * * *
The boulder beetle curls into a ball and starts rolling!
There is a stone staircase leading up here.
The yak completely misses you. x2
You climb upwards.
The eight-headed hydra completely misses you.
The eight-headed hydra misses you. x3
The eight-headed hydra closely misses you.
The eight-headed hydra misses you.
The eight-headed hydra barely misses you.
The eight-headed hydra bites you but does no damage.
There is a stone staircase leading down here.
Read which item? (? for menu, Esc to quit)
As you read the scroll of teleportation, it crumbles to dust.
You feel strangely unstable.
The eight-headed hydra bites you but does no damage.
The eight-headed hydra closely misses you.
The eight-headed hydra completely misses you.
The eight-headed hydra misses you. The eight-headed hydra bites you!
* * * LOW HITPOINT WARNING * * *
The eight-headed hydra completely misses you.
The eight-headed hydra bites you but does no damage.
The eight-headed hydra misses you. The yak completely misses you.
The yak gores you!
You die...

Action                   |  1- 3 |  4- 6 |  7- 9 | 10-12 | 13-15 || total
-------------------------+-------+-------+-------+-------+-------++-------
Melee: Dagger            |    96 |   284 |   596 |  1507 |   292 ||  2775
 Fire: Blowgun           |     6 |    17 |    76 |     7 |       ||   106
 Cast: Ensorcelled Hiber |       |       |       |     4 |       ||     4
Invok: Shadow Step       |       |       |       |     3 |     1 ||     4
Evoke: Wand              |       |       |     1 |    10 |     2 ||    13
  Use: Scroll            |     1 |     5 |    14 |    22 |     4 ||    46
       Potion            |       |       |     8 |     6 |     2 ||    16
 Stab: Sleeping          |     1 |     8 |    24 |    53 |    17 ||   103
       Distracted        |     1 |     3 |     6 |     4 |     1 ||    15
       Invisible         |       |       |     1 |       |       ||     1
       Fleeing           |       |       |       |     1 |       ||     1
  Eat: Chunk             |     1 |     9 |    15 |     6 |       ||    31
       Beef jerky        |       |       |     1 |     3 |       ||     4
       Meat ration       |       |       |     1 |     1 |       ||     2
       Bread ration      |       |       |     1 |     3 |     1 ||     5

Vault maps used:
D:1:      dpeg_arrival_lava_altar
D:2:      uniq_sigmund
D:3:      minmay_unequal
D:4:      grunt_temple_overflow_order_and_chaos_2, minmay_temple_entry_poolview,
          first_bread, serial_shops, shop, hangedman_abyss_or_decor_lesser_grid,
          uniq_crazy_yiuf_cottage
D:7:      tso_altar, grunt_ogre_cave
D:8:      gammafunk_temple_overflow_pools, enter_bailey_2, minmay_orc_keep,
          uniq_duvessa, uniq_maurice
D:9:      lemuel_coloured_pillars_altar, kennysheep_little_box
D:10:     orc_david_3
D:11:     erik_lair_island, serial_shops, shop
Temple:   bh_familiar_temple
Orc:1:    serial_shops, shop, nicolae_orc_pool_cavern, bloody_makhleb,
          uniq_grum, uniq_gastronok
Lair:1:   uniq_nergalle
Lair:3:   wad_woods_structure_01, minmay_shoals_entry_hut
Lair:4:   dpeg_oklob_1
Lair:5:   spider_nest_entry_rubble, nicolae_volcano_entry_two_sided,
          small_statue_intersection
Lair:6:   minmay_slime_entry_pillars, portal_ice_cave_entry_imps,
          serial_bayou_shore_b
Bailey:   bailey_axe_3, bailey
Volcano:  volcano_lake

Notes
Turn   | Place    | Note
--------------------------------------------------------------
     0 | D:1      | MackTheKnife, the Halfling Assassin, began the quest for the Orb.
     0 | D:1      | Reached XP level 1. HP: 14/14 MP: 1/1
   286 | D:1      | Reached XP level 2. HP: 10/19 MP: 2/2
  1009 | D:1      | Reached XP level 3. HP: 20/24 MP: 3/3
  1254 | D:2      | Reached skill level 5 in Stealth
  1393 | D:2      | Reached XP level 4. HP: 13/29 MP: 2/4
  1535 | D:2      | Noticed Sigmund
  1549 | D:2      | Killed Sigmund
  1549 | D:2      | Reached skill level 6 in Stealth
  1549 | D:2      | Reached XP level 5. HP: 16/34 MP: 1/5
  2231 | D:2      | Reached skill level 3 in Short Blades
  2231 | D:2      | Reached skill level 7 in Stealth
  2430 | D:2      | Reached XP level 6. HP: 25/39 MP: 6/6
  3128 | D:3      | Reached skill level 4 in Short Blades
  4390 | D:4      | Reached skill level 5 in Short Blades
  4390 | D:4      | Reached XP level 7. HP: 28/44 MP: 4/7
  4888 | D:4      | Found a staircase to the Ecumenical Temple.
  4942 | D:4      | Found a burning altar of Makhleb.
  4950 | D:4      | Found a glowing silver altar of Zin.
  4951 | D:4      | Noticed an Executioner
  4951 | D:4      | Noticed an angel
  4993 | Temple   | Entered the Ecumenical Temple
  5058 | Temple   | Became a worshipper of Dithmenos the Shadowed
  5449 | D:4      | Found Yruschal's Book Boutique.
  5501 | D:4      | Reached skill level 2 in Dodging
  5501 | D:4      | Reached skill level 8 in Stealth
  5702 | D:4      | Noticed Crazy Yiuf
  5710 | D:4      | Killed Crazy Yiuf
  5873 | D:4      | Reached skill level 3 in Dodging
  6232 | D:5      | Entered Level 5 of the Dungeon
  6262 | D:5      | Reached XP level 8. HP: 49/49 MP: 8/8
  6708 | D:5      | Reached skill level 9 in Stealth
  7724 | D:5      | Reached skill level 10 in Stealth
  7958 | D:6      | Acquired Dithmenos' first power
  8626 | D:6      | Reached XP level 9. HP: 47/52 MP: 9/9
  8665 | D:6      | Reached skill level 11 in Stealth
  8909 | D:7      | Noticed Froboctopus' ghost (experienced OpTm)
  9522 | D:7      | Found a glowing golden altar of the Shining One.
  9585 | D:7      | Reached skill level 6 in Short Blades
  9681 | D:7      | Killed Froboctopus' ghost
  9681 | D:7      | Reached skill level 7 in Short Blades
  9863 | D:7      | Reached skill level 4 in Dodging
 10056 | D:8      | Noticed Duvessa
 10056 | D:8      | Noticed Dowan
 10056 | D:8      | Noticed Maurice
 10060 | D:8      | Found a flagged portal.
 10096 | Bailey   | Entered a bailey
 10196 | Bailey   | Reached skill level 12 in Stealth
 10304 | Bailey   | Noticed an orc knight
 10598 | Bailey   | Found an iron altar of Okawaru.
 10641 | Bailey   | Killed an orc knight
 10641 | Bailey   | Reached skill level 5 in Dodging
 10641 | Bailey   | Reached XP level 10. HP: 17/58 MP: 10/10
 10909 | D:8      | Reached skill level 6 in Dodging
 10962 | D:8      | Acquired Dithmenos' second power
 11279 | D:8      | Found a basalt altar of Yredelemnul.
 11280 | D:8      | Found an ancient bone altar of Kikubaaqudgha.
 11363 | D:8      | Killed Maurice
 11363 | D:8      | Reached skill level 7 in Dodging
 11539 | D:8      | Reached skill level 13 in Stealth
 12609 | D:9      | Reached skill level 8 in Dodging
 12654 | D:9      | Found a deep blue altar of Sif Muna.
 12847 | D:9      | Acquired Dithmenos' third power
 13046 | D:9      | Reached skill level 9 in Dodging
 13080 | D:9      | Reached XP level 11. HP: 45/62 MP: 11/11
 13182 | D:9      | Noticed a centaur warrior
 13185 | D:9      | Killed a centaur warrior
 13185 | D:9      | Reached skill level 10 in Dodging
 13219 | D:9      | Reached skill level 2 in Fighting
 13447 | D:10     | Entered Level 10 of the Dungeon
 13464 | D:10     | Reached skill level 3 in Fighting
 13596 | D:10     | Found Meka's Armour Emporium.
 13598 | D:10     | Found a staircase to the Orcish Mines.
 13626 | D:10     | Reached skill level 4 in Fighting
 13628 | D:10     | Bought the +0 pair of boots of Forking Paths {rF+} for 222 gold pieces
 14385 | D:11     | Noticed a manticore
 14567 | D:11     | Found Veoczemiev's Magic Scroll Shop.
 14577 | D:11     | Bought a scroll of enchant weapon for 97 gold pieces
 14957 | Orc:1    | Entered Level 1 of the Orcish Mines
 14995 | Orc:1    | Reached skill level 5 in Fighting
 15300 | Orc:1    | Found a burning altar of Makhleb.
 15301 | Orc:1    | Noticed Grum
 15626 | D:11     | Reached skill level 6 in Fighting
 15800 | D:11     | Found a staircase to the Lair.
 15848 | D:11     | Acquired Dithmenos' fourth power
 16159 | D:11     | Reached skill level 7 in Fighting
 16191 | D:11     | Killed a manticore
 16459 | D:11     | Reached XP level 12. HP: 37/80 MP: 12/12
 16706 | Lair:1   | Entered Level 1 of the Lair of Beasts
 16726 | Lair:1   | Reached skill level 8 in Fighting
 16804 | Lair:1   | Noticed Nergalle
 16914 | Lair:1   | Learned a level 2 spell: Ensorcelled Hibernation
 17218 | Lair:2   | Noticed a catoblepas
 17229 | Lair:2   | Killed a catoblepas
 17229 | Lair:2   | Reached skill level 8 in Short Blades
 17368 | Lair:2   | Got a twitching lapis lazuli ring
 17369 | Lair:2   | Identified the ring of the Final Decision {+cTele rC+ SInv Stlth-} (You found it on level 2 of the Lair of Beasts)
 17401 | Lair:2   | Reached skill level 9 in Short Blades
 17926 | Lair:2   | Reached skill level 10 in Short Blades
 18975 | Lair:3   | Found a staircase to the Shoals.
 19005 | Lair:3   | Noticed a four-headed hydra
 19395 | Lair:3   | Reached skill level 14 in Stealth
 19486 | Lair:4   | Noticed a four-headed hydra
 19495 | Lair:4   | Killed a four-headed hydra
 19497 | Lair:4   | Noticed a death yak
 19498 | Lair:4   | Noticed a death yak
 19506 | Lair:3   | Killed a four-headed hydra
 19813 | Lair:4   | Noticed a death yak
 20081 | Lair:4   | Reached skill level 15 in Stealth
 20265 | Lair:4   | Reached XP level 13. HP: 86/86 MP: 13/13
 20347 | Lair:5   | Found a dark tunnel.
 20354 | Volcano  | Entered a volcano
 20475 | Volcano  | Found a radiant altar of Vehumet.
 20804 | Lair:5   | Reached skill level 16 in Stealth
 20993 | Lair:5   | Learned a level 2 spell: Sure Blade
 21012 | Lair:5   | Reached skill level 1 in Charms
 21087 | Lair:5   | Reached skill level 2 in Charms
 21211 | Lair:6   | Reached skill level 3 in Charms
 21219 | Lair:6   | Found a frozen archway.
 21330 | Lair:5   | HP: 2/86 [eight-headed hydra (12)]
 21330 | Lair:5   | Slain by a yak

Vanquished Creatures
  3 hydras
  A centaur warrior (D:9)
  A catoblepas (Lair:2)
  An orc knight (Bailey)
  A lindwurm (Volcano)
  A manticore (D:11)
  The ghost of Froboctopus the Changer, an experienced OpTm of Cheibriados (D:7)
  Maurice (D:8)
  3 black mambas
  A spiny frog (Lair:2)
  2 molten gargoyles (Volcano)
  A gargoyle (D:10)
  5 komodo dragons
  2 fire drakes
  A polar bear (Lair:4)
  2 trolls (D:11)
  2 basilisks
  A snapping turtle (Lair:3)
  2 water elementals (D:11)
  22 yaks
  6 hungry ghosts
  9 fire bats (Volcano)
  3 water moccasins
  2 hippogriffs
  2 wolves (D:11)
  A mottled dragon (Volcano)
  6 porcupines
  4 ogres
  9 orc warriors
  2 ice beasts
  2 necrophages
  2 phantoms
  2 sky beasts
  2 boring beetles
  4 centaurs
  Sigmund (D:2)
  2 crocodiles
  A big kobold (D:9)
  A cyclops zombie (D:9)
  18 giant frogs
  5 killer bees (D:9)
  2 scorpions
  2 eyes of draining (D:9)
  3 electric eels
  4 wights
  2 crimson imps
  A goliath beetle (D:9)
  7 hounds
  A lava snake (Volcano)
  An elf zombie (D:9)
  10 orc priests
  9 orc wizards
  Crazy Yiuf (D:4)
  A centaur skeleton (D:6)
  2 quasits
  A gnoll shaman (D:6)
  4 jellies
  6 iguanas
  6 worker ants
  A hound zombie (D:8)
  A mummy (D:11)
  16 adders
  6 green rats
  5 white imps (Lair:6)
  3 giant mites
  23 gnolls
  An adder zombie (D:5)
  7 giant geckos
  An ooze (D:3)
  71 orcs
  A giant cockroach (D:2)
  12 goblins
  13 hobgoblins
  14 jackals
  9 quokkas
  A ball python (D:2)
  19 bats
  4 giant newts
  A giant spore (D:9)
  32 kobolds
  An orc skeleton (D:6)
  3 orc zombies
  16 rats
  A rat skeleton (D:7)
  4 ballistomycetes (D:9)
467 creatures vanquished.

Vanquished Creatures (collateral kills)
  A giant frog (Lair:2)
1 creature vanquished.

Vanquished Creatures (others)
  A yak (Lair:6)
  2 white imps (Lair:6)
  A giant spore (D:7)
  A plant (Lair:6)
5 creatures vanquished.

Grand Total: 473 creatures vanquished
